 Dungeon Crawl Stone Soup version 0.31.0-11-ge490571c62 (webtiles) character file.

Game seed: 4424405353848958218

6080 browni3141 the Cleaver (level 10, -2/91 HPs)
             Began as a Minotaur Fighter on Jan 29, 2024.
             Was a High Priest of Okawaru.
             Slain by a deep troll (20 damage)
             ... on level 9 of the Dungeon.
             The game lasted 00:04:17 (8188 turns).

browni3141 the Cleaver (Minotaur Fighter)           Turns: 8188, Time: 00:04:18

Health: -2/91      AC: 13    Str: 30    XL:     10   Next: 58%
Magic:  0/11       EV: 12    Int:  5    God:    Okawaru [*****.]
Gold:   586        SH: 12    Dex: 11    Spells: 9/9 levels left

rFire   . . .        a - +0 war axe
rCold   . . .        n - +0 kite shield
rNeg    . . .        m - +1 leather armour "Pyris" {rElec Regen+ Slay+2}
rPois   .            (helmet restricted)
rElec   +            o - +0 cloak
rCorr   .            l - +1 pair of gloves
SInv    +            L - +2 pair of boots
Will    .....        r - amulet of guardian spirit
Stlth   ++           N - +6 ring of strength
HPRegen 1.15/turn    e - ring of see invisible
MPRegen 0.12/turn

%: guardian spirit
@: mighty, heroic
A: horns 2, retaliatory headbutt
a: Renounce Religion, Heroism, Finesse, Duel


You were on level 9 of the Dungeon.
You worshipped Okawaru.
Okawaru was extremely pleased with you.
You visited 2 branches of the dungeon, and saw 10 of its levels.
You also visited: Sewer and Ossuary.

You collected 586 gold pieces.

Inventory:

Hand Weapons
 a - a +0 war axe (weapon)
Missiles
 q - 2 boomerangs (quivered)
 G - 2 throwing nets
 J - 3 curare-tipped darts
Armour
 b - a +0 scale mail
 c - a +0 buckler
 k - a +1 pair of boots
 l - a +1 pair of gloves (worn)
 m - the +1 leather armour "Pyris" (worn) {rElec Regen+ Slay+2}
   (You found it on level 2 of the Dungeon)

   Slay+2:    It affects your accuracy & damage with ranged weapons and melee
   (+2).
   rElec:     It insulates you from electricity.
   Regen+:    It increases your rate of health regeneration.
 n - a +0 kite shield (worn)
 o - a +0 cloak (worn)
 L - a +2 pair of boots (worn)
Jewellery
 e - a ring of see invisible (right hand)
 r - an amulet of guardian spirit (around neck)
 z - the ring of Tuda Pat {Int+6 Dex+2}
   (You found it in a sewer)

   [ring of intelligence]

   Int+6:     It affects your intelligence (+6).
   Dex+2:     It affects your dexterity (+2).
 D - a +6 ring of intelligence
 H - a +6 ring of intelligence
 K - a ring of magical power
 N - a +6 ring of strength (left hand)
Wands
 R - a wand of flame (10)
Scrolls
 f - 11 scrolls of identify {unknown}
 i - a scroll of blinking {unknown}
 j - a scroll of amnesia {unknown}
 p - 3 scrolls of enchant armour {unknown}
 s - a scroll of silence {unknown}
 x - 2 scrolls of brand weapon {unknown}
 y - 4 scrolls of enchant weapon {unknown}
 B - 2 scrolls of poison {unknown}
 C - 4 scrolls of noise
 E - 3 scrolls of vulnerability {unknown}
 I - 4 scrolls of teleportation {unknown}
 P - a scroll of fog {unknown}
 Q - a scroll of immolation {unknown}
Potions
 g - 8 potions of curing {unknown}
 h - 3 potions of invisibility {unknown}
 t - 2 potions of enlightenment {unknown}
 u - a potion of cancellation {unknown}
 v - a potion of berserk rage {unknown}
 w - 3 potions of haste {unknown}
 A - 4 potions of lignification {unknown}
 F - 2 potions of heal wounds {unknown}
 M - a potion of mutation {unknown}
 O - a potion of ambrosia {unknown}


   Skills:
 + Level 9.0(14.0) Fighting
 * Level 11.8(16.8) Axes
 + Level 3.1(8.1) Throwing
 + Level 9.0(14.0) Armour
 + Level 9.0(14.0) Shields
 + Level 3.0 Invocations


You had 9 spell levels left.
You didn't know any spells.
Your spell library contained the following spells:

 Spells                   Type           Power      Damage    Failure   Level
 Sandblast                Erth           0%         2d4       63%         1
 Slow                     Hex            0%         N/A       63%         1
 Scorch                   Fire           0%         2d5       77%         2
 Confusing Touch          Hex            0%         N/A       94%         3
 Fugue of the Fallen      Necr           0%         N/A       94%         3
 Inner Flame              Hex/Fire       0%         N/A       94%         3
 Ozocubu's Armour         Ice            0%         N/A       94%         3
 Passwall                 Erth           0%         N/A       94%         3
 Sigil of Binding         Hex            0%         N/A       94%         3
 Stone Arrow              Conj/Erth      0%         3d7       94%         3
 Vampiric Draining        Necr           0%         2d6       94%         3
 Volatile Blastmotes      Fire/Tloc      0%         2d10      94%         3
 Anguish                  Hex/Necr       0%         N/A       100%        4
 Brom's Barrelling Bould  Conj/Erth      0%         2d3       100%        4
 Cause Fear               Hex            0%         N/A       100%        4
 Flame Wave               Conj/Fire      0%         2d4       100%        4
 Fulminant Prism          Conj/Alch      0%         3d5       100%        4
 Iskenderun's Mystic Bla  Conj/Tloc      0%         2d3       100%        4
 Manifold Assault         Tloc           0%         N/A       100%        4
 Sticky Flame             Fire/Alch      0%         2d4       100%        4
 Enfeeble                 Hex            0%         N/A       100%        7
 Summon Cactus Giant      Summ           Unusable   N/A       N/A         6

Dungeon Overview and Level Annotations

Branches:
Dungeon (9/15)             Temple (1/1) D:4           Sewer (visited)
Ossuary (visited)
   Lair: D:8-11         Orc: D:9-12

Altars:
Ashenzari
Cheibriados
Dithmenos
Elyvilon
Fedhas
Gozag
Hepliaklqana
Kikubaaqudgha
Makhleb
Nemelex Xobeh
Okawaru
Qazlal
Ru
Sif Muna
Trog
Uskayaw
Vehumet
Wu Jian
Xom
Yredelemnul
Zin
The Shining One

Shops:
D:1 (   D:5 (


Innate Abilities, Weirdness & Mutations

You have a pair of horns on your head.
You reflexively headbutt those who attack you in melee.


Message History

You hit the two-headed ogre.
The two-headed ogre is severely wounded.
The two-headed ogre closely misses you.
The two-headed ogre hits you with a +0 dire flail!
You barely miss the two-headed ogre.
The two-headed ogre is severely wounded.
You hit the orc wizard.
You block the two-headed ogre's attack. x2
The orc wizard mumbles some strange words.
The orc wizard flickers and vanishes for a moment.
You hear a shout! x2
You barely miss the two-headed ogre.
You headbutt the two-headed ogre, but do no damage.
The two-headed ogre is severely wounded.
You hit the orc wizard. You hit the two-headed ogre.
You headbutt the two-headed ogre!
The two-headed ogre is almost dead.
You miss the orc wizard.
The orc wizard hits you with a +0 dagger.
The two-headed ogre hits you with a +0 giant club!
The two-headed ogre barely misses you.
You closely miss the orc wizard.
The orc wizard is heavily wounded.
You closely miss the two-headed ogre.
The orc wizard hits you but does no damage.
You slice the two-headed ogre!!
You kill the two-headed ogre!
Okawaru is honoured by your kill.
You can now enter into single combat with a foe.
Okawaru will now gift you throwing weapons as you gain piety.
You slash the orc wizard!
You kill the orc wizard!
Okawaru accepts your kill.
A centaur comes into view.
Your Fighting skill increases to level 9!
Your Throwing skill increases to level 3!
Your Armour skill increases to level 9!
Your Shields skill increases to level 9!
Your Invocations skill increases to level 3!
The centaur shouts!
You hear a roar!
The centaur closely misses you.
The centaur kicks you but does no damage.
You hear a shout! x2
Things that are here:
a +0 giant club; a +0 dire flail You barely miss the centaur.
You block the centaur's attack.
The centaur kicks you but does no damage.
The centaur barely misses you. You block the centaur's attack.
You slash the centaur! You headbutt the centaur!
The centaur is severely wounded.
The centaur barely misses you. You furiously retaliate!
You headbutt the centaur.
You kill the centaur!
Okawaru accepts your kill.
A kobold demonologist, 2 trolls, a four-headed hydra, a wight and an orc wizard come into view.
The orc wizard is wielding a +2 dagger of protection.
The kobold demonologist shouts!
The troll shouts!
The deep troll shouts!
The orc wizard shouts!
An orc wizard comes into view. It is wielding a +0 dagger.
The kobold demonologist moves out of view.
The wight moves out of view.
Things that are here:
a +0 shortbow; a centaur corpse The orc wizard shouts!
The deep troll bites you. You block the deep troll's attack.
The deep troll claws you. The troll barely misses you.
You block the troll's attack. x2
A cyclops comes into view.
You hit the deep troll but do no damage.
You slash the troll! The deep troll bites you!
The deep troll claws you but does no damage.
The deep troll claws you. You block the troll's attack. The troll claws you.
The troll closely misses you.
There are monsters nearby!
You slash the troll!
The troll is heavily wounded.
You slash the deep troll!
The kobold demonologist miscasts a cantrip.
The deep troll bites you but does no damage.
You block the deep troll's attack. The deep troll barely misses you.
You block the troll's attack. x2; The troll claws you but does no damage.
You feel very mighty all of a sudden. You block the deep troll's attack.
The deep troll claws you but does no damage.
The deep troll claws you! The troll bites you! The troll claws you!
The troll closely misses you.
You gain the combat prowess of a mighty hero.
The deep troll bites you. You block the deep troll's attack. x2
You block the troll's attack. The troll misses you.
The troll claws you but does no damage.
You hit the troll.
The troll is heavily wounded.
You slice the deep troll!! The deep troll closely misses you.
The deep troll claws you!
The deep troll claws you but does no damage.
The troll bites you but does no damage. You block the troll's attack. x2
You slice the troll!!
You kill the troll!
Okawaru accepts your kill.
You slash the deep troll! The deep troll bites you!!
You die...

## #..........
....######..........
.....<..............
#######.##..........
#.[....#..........
#.####.###........
#))..#...#........
#.###)#.###...######.
#C.K@.# ..#.#.# #.
###T### .#.#.# #.


zoo #.#.# #. #.## ..#.# #. ... ###(######. #.# #........ ... #........ .#
##.#####. #.# #. You could see a deep troll, a cyclops, a kobold demonologist,
an orc warrior (wandering), a wight and an orc wizard.

Vanquished Creatures
  2 two-headed ogres
  The ghost of browni3141 the Cleaver, a novice MiFi of Okawaru (D:8)
  Pikel (D:7)
  A hornet (D:5)
  A troll (D:9)
  Sigmund (D:3)
  3 yaks (D:8)
  A wyvern (D:9)
  2 steam dragons
  A water moccasin (D:7)
  3 orc warriors
  A sky beast (D:6)
  3 ice beasts
  A black bear (D:7)
  A centaur (D:9)
  2 lemures (D:7)
  2 phantoms
  A kobold brigand (D:7)
  3 bullfrogs
  2 scorpions (D:6)
  2 burial acolytes (Ossuary)
  2 howler monkeys (D:7)
  6 hounds
  2 jellies
  Crazy Yiuf (D:3)
  2 bombardier beetles
  A human zombie (Ossuary)
  2 orc priests (D:8)
  An iguana (D:7)
  Natasha (thrice) (D:2)
  6 orc wizards
  2 sleepcaps (D:6)
  3 mummies (Ossuary)
  5 adders
  10 gnolls
  A river rat (D:4)
  A shadow imp (D:8)
  4 ribbon worms
  15 dart slugs
  21 orcs
  10 endoplasms
  14 giant cockroaches
  3 gnoll zombies (Ossuary)
  7 goblins
  3 hobgoblins
  4 jackals
  11 kobolds
  7 quokkas
  17 ball pythons
  9 bats
  14 frilled lizards
  3 kobold zombies (Ossuary)
  An orc zombie (Ossuary)
  10 rats
236 creatures vanquished.

Vanquished Creatures (others)
  A howler monkey (D:7)
  A kobold (D:7)
2 creatures vanquished.

Grand Total: 238 creatures vanquished

Notes
Turn   | Place    | Note
-------+----------+-------------------------------------------
     0 | D:1      | browni3141 the Minotaur Fighter began the quest for the
                  | Orb.
     0 | D:1      | Reached XP level 1. HP: 19/19 MP: 0/0
   169 | D:1      | Reached XP level 2. HP: 27/27 MP: 1/1
   171 | D:1      | Found Fyigua's Weapon Boutique.
   300 | D:1      | Reached skill level 3 in Axes
   498 | D:1      | Found a faded altar of an unknown god.
   741 | D:2      | Noticed Natasha
   746 | D:2      | Reached XP level 3. HP: 25/33 MP: 2/2
   753 | D:2      | Killed Natasha
   826 | D:2      | Noticed Natasha
   836 | D:2      | Killed Natasha
   837 | D:2      | Reached XP level 4. HP: 17/40 MP: 3/3
   861 | D:2      | Noticed Natasha
   867 | D:2      | Killed Natasha
   868 | D:2      | Reached skill level 4 in Axes
  1558 | D:2      | Reached XP level 5. HP: 38/47 MP: 4/4
  1670 | D:2      | Identified the +1 leather armour "Pyris" {rElec Regen+
                  | Slay+2}
  2266 | D:3      | Reached skill level 5 in Axes
  2395 | D:3      | Noticed Sigmund
  2419 | D:3      | Killed Sigmund
  2420 | D:3      | Reached skill level 5 in Fighting
  2420 | D:3      | Reached skill level 5 in Armour
  2420 | D:3      | Reached skill level 5 in Shields
  2420 | D:3      | Reached XP level 6. HP: 56/56 MP: 5/5
  2455 | D:3      | Found a runed translucent door.
  2456 | D:3      | Noticed Crazy Yiuf
  2781 | D:3      | Killed Crazy Yiuf
  2810 | D:4      | Found a glowing drain.
  2825 | Sewer    | Entered a sewer
  2948 | Sewer    | Reached skill level 6 in Axes
  3022 | Sewer    | Reached XP level 7. HP: 61/61 MP: 6/6
  3072 | Sewer    | Identified the ring of Tuda Pat {Int+6 Dex+2}
  3387 | D:4      | Found a staircase to the Ecumenical Temple.
  3450 | Temple   | Entered the Ecumenical Temple
  3520 | Temple   | Became a worshipper of Warmaster Okawaru
  4219 | D:5      | Entered Level 5 of the Dungeon
  4238 | D:5      | Found Mayvoxt's Weapon Shoppe.
  4684 | D:5      | Reached skill level 7 in Axes
  4708 | D:5      | Noticed a hornet
  4713 | D:5      | Killed a hornet
  4714 | D:5      | Reached XP level 8. HP: 70/70 MP: 5/7
  4884 | D:5      | Reached * piety under Okawaru
  5172 | D:6      | Reached skill level 8 in Axes
  5420 | D:6      | Found a blossoming altar of Fedhas.
  5604 | D:6      | Found a broken altar of Ashenzari.
  5863 | D:6      | >
  5972 | D:7      | Found a stormy altar of Qazlal.
  5997 | D:7      | Identified the +4 ring mail of Biusiski {rF+ Int+3}
  6033 | D:7      | Found a sand-covered staircase.
  6039 | Ossuary  | Entered an ossuary
  6063 | Ossuary  | Reached skill level 9 in Axes
  6263 | D:7      | Reached ** piety under Okawaru
  6264 | D:7      | Reached XP level 9. HP: 75/79 MP: 8/8
  6555 | D:7      | Noticed Pikel
  6568 | D:7      | Killed Pikel
  6569 | D:7      | Reached skill level 10 in Axes
  6593 | D:7      | Found a white marble altar of Elyvilon.
  6774 | D:7      | Reached *** piety under Okawaru
  6915 | D:7      | Found a basalt altar of Yredelemnul.
  7352 | D:8      | Reached skill level 1 in Throwing
  7356 | D:8      | Reached skill level 1 in Invocations
  7412 | D:8      | Found a runed translucent door.
  7415 | D:8      | Noticed browni3141's ghost (novice MiFi)
  7516 | D:8      | Found a hide-covered altar of Uskayaw.
  7691 | D:8      | Noticed a two-headed ogre
  7697 | D:8      | Killed a two-headed ogre
  7697 | D:8      | Reached **** piety under Okawaru
  7698 | D:8      | Reached skill level 11 in Axes
  7698 | D:8      | Reached XP level 10. HP: 46/90 MP: 4/10
  7951 | D:8      | Killed browni3141's ghost
  8168 | D:9      | Noticed a two-headed ogre
  8177 | D:9      | Killed a two-headed ogre
  8177 | D:9      | Reached ***** piety under Okawaru
  8181 | D:9      | Noticed a deep troll
  8181 | D:9      | Noticed a four-headed hydra
  8182 | D:9      | Noticed a cyclops
  8188 | D:9      | Slain by a deep troll

Illustrated notes

############### ##.#..#
#.## #.....<.......#
##.#.# #...
#.###########.# #.#.#
#### #.# #.# #.#.# #.#
##.## #.#.# #.#
######...#####.#.# #.#
#......#.......#.#######
#.#
#.####...#######......(.
#.#
#.....#@....############
#.#
#####.#.###........[....
#.#########.#.#
####.#####....
#..........#..# #.#
#..♣♣. ###########.#.#
#.# #...♣. ##.#.# #.#
#.♣... #..#.# #.# #.♣♣..
#.##.# #.# #...._ #.##.#
#.# #.♣♣..


Turn 5863 on D:6: >

Levels and vault maps discovered:
D:1:      shiori_arrival_maze, layout_loops_ring, serial_shops,
          nicolae_shop_bloodbath_and_beyond,
          shapermc_ecumenical_altar_notcrosses, minmay_tripent
D:2:      layout_basic, serial_bayou_pond_c, grunt_decor_arrowhead, uniq_natasha
D:3:      kennysheep_slugbush, layout_basic, minmay_surrounded,
          uniq_crazy_yiuf_cottage, uniq_sigmund
D:4:      layout_basic, minmay_temple_entry_sparse_star,
          cheibrodos_sewer_entry_sluice
D:5:      layout_basic, serial_shops, nicolae_shop_tiny_glass, corner_web_ring
D:6:      layout_loops_ring, mainiacjoe_overflow_small_starburst,
          kennysheep_little_box
D:7:      layout_basic, grunt_qazlal_clouds, kennysheep_ying_yang,
          nicolae_ossuary_entry_plus, uniq_pikel
D:8:      layout_loops_ring, mainiacjoe_overflow_alcove_1,
          hellmonk_ghost_happy_afterlife, nrook_mini_backslash,
          nicolae_figureground_sparkle
D:9:      layout_irregular_city, nicolae_doodle_vault
Temple:   minmay_temple_bridge_d

Skill      XL: |  1  2  3  4  5  6  7  8  9 10 |
---------------+-------------------------------+-----
Axes           | 3 4 5 6 7 9 11 | 11.8
Armour         | 4 5 6 7 8 9 |  9.0
Fighting       | 4 5 6 7 8 9 |  9.0
Shields        | 4 5 6 7 8 9 |  9.0
Throwing       | 2 3 |  3.1
Invocations    | 2 3 |  3.0

Action                     |  1- 3 |  4- 6 |  7- 9 | 10-12 || total
---------------------------+-------+-------+-------+-------++-------
  Melee: War axe           |    58 |   186 |   253 |    53 ||   550
         Headbutt          |    10 |    21 |    55 |    14 ||   100
 Invoke: Heroism           |       |       |     2 |     2 ||     4
    Use: Potion            |       |       |       |     2 ||     2
 Armour: Scale mail        |    53 |    34 |       |       ||    87
         Leather armour    |       |   105 |   170 |    44 ||   319
  Dodge: Dodged            |    29 |    88 |    97 |    22 ||   236
  Block: Buckler           |    24 |     7 |       |       ||    31
         Kite shield       |       |    64 |   150 |    40 ||   254
